 Dungeon Sprint DCSS version 0.17-a0-1718-g72dbe4d (webtiles) character file.

1100000 ztt the Portalist (level 14, -34/130 HPs)
             Began as a Ghoul Warper on Aug 26, 2015.
             Was a Follower of Makhleb.
             Annihilated by a bag of meat
             ... wielding a +9 war axe
              (41 damage)
             ... in the Dungeon (Sprint VIII: "Arena of Blood").
             The game lasted 00:00:18 (11 turns).

ztt the Portalist (Ghoul Warper)                      Turns: 11, Time: 00:00:19

Health: -34/130    AC:  3    Str: 20    XL:     14   Next: 8%
Magic:  2/30       EV: 15    Int:  8    God:    Makhleb [*.....]
Gold:   0          SH:  0    Dex:  8    Spells: 1 memorised, 38 levels left

rFire  . . .     SeeInvis .     l - +∞ Axe of Woe
rCold  + . .     Clarity  .     b - +0 leather armour
rNeg   + + +     SustAt   .     (no shield)
rPois  ∞         Gourm    .     (no helmet)
rElec  .         Spirit   .     (no cloak)
rCorr  .         Warding  .     (no gloves)
rMut   .         NoTele   +     (no boots)
MR     +....                    (no amulet)
Stlth  +.........               (no ring)
                                (no ring)

@: rotting, somewhat resistant to hostile enchantments, very unstealthy
A: rotting body, claws 1, carnivore 3, cold resistance 1, negative energy
resistance 3, slow healing 1, torment resistance, unbreathing
a: Renounce Religion


You were in the Dungeon.
You worshipped Makhleb.
Makhleb was aware of your devotion.
You were not hungry.

You visited 1 branch

Inventory:

Hand weapons
 a - a +0 hand axe
 l - the +∞ Axe of Woe (weapon)
   (You found it in the Dungeon)
Missiles
 e - 5 tomahawks of dispersal (quivered)
Armour
 b - a +0 leather armour (worn)
Scrolls
 d - 2 scrolls of blinking
Potions
 g - a potion of curing
 h - a potion of heal wounds
 i - a potion of haste
 j - 2 potions of magic
 k - a potion of berserk rage
Books
 c - a book of Spatial Translocations

   Spells                             Type                      Level
   a - Apportation                    Translocation                1
   b - Blink                          Translocation                2
   c - Shroud of Golubria             Charms/Translocation         2
   d - Portal Projectile              Translocation                3
   e - Teleport Other                 Translocation                3
   f - Passage of Golubria            Translocation                4
Comestibles
 f - a meat ration


   Skills:
 + Level 13.9 Fighting
 + Level 12.2 Axes
 + Level 5.1 Throwing
 + Level 4.4 Armour
 + Level 12.0 Dodging
 + Level 13.0 Spellcasting
 + Level 21.9 Translocations


You had 38 spell levels left.
You knew the following spells:

 Your Spells              Type           Power        Failure   Level  Hunger
a - Apportation           Tloc           #####.....   0%          1    None


Dungeon Overview and Level Annotations

Branches:
Dungeon (1/1)

Altars:
Makhleb


Innate Abilities, Weirdness & Mutations

Your body is rotting away.
You thrive on raw meat.
You are immune to poison.
You have sharp fingernails.
You are carnivorous and can eat meat at any time.
Your flesh is cold resistant.
You are immune to negative energy.
You heal slowly when monsters are visible.
You are immune to unholy pain and torment.
You can survive without breathing.


Message History

Unknown command.
The bag of meat shouts! x3
You hit the meat berserker.
You slaughter the meat berserker joyfully.
You kill the meat berserker!
Makhleb accepts your kill.
You can now gain health from killing.
Your Fighting skill gained 2 levels and is now at level 13!
Your Axes skill gained 3 levels and is now at level 12!
Your Throwing skill increases to level 5!
Your Armour skill increases to level 4!
Your Dodging skill gained 3 levels and is now at level 12!
Your Spellcasting skill gained 3 levels and is now at level 13!
Your Translocations skill gained 4 levels and is now at level 21!
You have reached level 13!
You have reached level 14!
You hear a shout! x21
An orc and an ogre come into view.
You hear a shout! x6
The bag of meat hits you with a +9 war axe!!!
You die...

........###......
#........_.....
......#O....#
......#_.<._# .
......#.....#....
#........_.......
........###......
...###.......###o
#.@)....#
#).o....#
.ooo.oo....
.........o...
...o........o..
..oo.....o.o..#
....#........#.
o............#


You could see a meat berserker (berserk) and 14 bags of meat.

Vanquished Creatures
  An ogre (D)
  An orc (D)
2 creatures vanquished.

Notes
Turn   | Place    | Note
--------------------------------------------------------------
     0 | D        | ztt the Ghoul Warper began the quest for the Orb.
     0 | D        | Reached XP level 1. HP: 17/17 MP: 2/2
     4 | D        | Became a worshipper of Makhleb the Destroyer
     5 | D        | Noticed a bag of meat
     6 | D        | Noticed a bag of meat
     7 | D        | Noticed a bag of meat
     8 | D        | Noticed a bag of meat
     8 | D        | Noticed a bag of meat
     8 | D        | Noticed a bag of meat
     8 | D        | Noticed a bag of meat
     8 | D        | Noticed a meat berserker
     9 | D        | Noticed a bag of meat
     9 | D        | Noticed a bag of meat
     9 | D        | Killed a bag of meat
     9 | D        | Reached skill level 11 in Fighting
     9 | D        | Reached skill level 10 in Spellcasting
     9 | D        | Reached skill level 17 in Translocations
     9 | D        | Reached XP level 2. HP: 20/40 MP: 2/12
     9 | D        | Reached XP level 3. HP: 23/47 MP: 2/13
     9 | D        | Reached XP level 4. HP: 26/55 MP: 2/15
     9 | D        | Reached XP level 5. HP: 28/61 MP: 2/16
     9 | D        | Reached XP level 6. HP: 31/68 MP: 2/18
     9 | D        | Reached XP level 7. HP: 33/74 MP: 2/19
     9 | D        | Reached XP level 8. HP: 36/82 MP: 2/21
     9 | D        | Reached XP level 9. HP: 39/89 MP: 2/22
     9 | D        | Reached XP level 10. HP: 42/96 MP: 2/23
     9 | D        | Reached XP level 11. HP: 44/102 MP: 2/24
     9 | D        | Reached XP level 12. HP: 47/110 MP: 2/25
    10 | D        | Noticed a bag of meat
    10 | D        | Noticed a bag of meat
    10 | D        | Noticed a bag of meat
    10 | D        | Noticed a bag of meat
    10 | D        | Noticed a bag of meat
    10 | D        | Killed a meat berserker
    10 | D        | Acquired Makhleb's first power
    10 | D        | Reached skill level 5 in Throwing
    10 | D        | Reached skill level 21 in Translocations
    10 | D        | Reached XP level 13. HP: 7/123 MP: 2/29
    10 | D        | Reached XP level 14. HP: 7/130 MP: 2/30
    11 | D        | Noticed a bag of meat
    11 | D        | Noticed a meat berserker
    11 | D        | Annihilated by a bag of meat

Vault maps used:
D:        meatsprint

Action                   |  1- 3 |  4- 6 |  7- 9 | 10-12 | 13-15 || total
-------------------------+-------+-------+-------+-------+-------++-------
Melee: Executioner's axe |     1 |       |       |     1 |       ||     2
